badnik, neutral male scurrid Ranger ... #... g@<. badnik the Tenderfoot Experience level: 1 Strength: 14 Dexterity: 11 Constitution: 14 Intelligence: 16 Wisdom: 13 Charisma: 7 Health: 0(14) Energy: 2(2) Def: 3 Gold: 73 Moves: 174 Dungeon seed: A3hkvLhW9tTX_FQC Game ID: badnik_1498611093 Your Inventory: Coins $ - 73 gold pieces Weapons b - 29 uncursed +2 darts c - 17 uncursed +0 darts Armor e - an uncursed +2 cloak of displacement (being worn) Comestibles d - 4 uncursed chestnuts Rings g - a cursed ring of aggravate monster Wands f - an uncursed wand of slow monster (0:3) h - an uncursed wand of teleportation (0:4) Spells and supernatural/magical abilities: Name Level Category Fail Memory W - pray for help -- divine ? -- Your skills at the end: Miscellaneous Skills wands [Basic] Weapon Skills dart [Basic] Spellcasting Skills Final Attributes: You were devoutly aligned. You had automatic searching. You had infravision. You were displaced. You were very stealthy. You are dead. Vanquished creatures: a freezing sphere Voluntary challenges: You went without food. You did not adorn yourself with jewelry or accessories. You did not cause conflict. You were not invisible. You did not have reflection. You were an atheist. You never hit with a wielded weapon. You were a pacifist. You did not use tools. You did not use plumbed fixtures. You did not drink any magical draughts. You were illiterate. You never genocided any monsters. You never polymorphed an object. You never changed form. You used no wishes. You never split a pudding. You never wrote Elbereth's name. You never violated your personal moral code. Dungeon overview: The Dungeons of Doom: levels 1 to 28 Level 1 a long staircase Level 2 a delicatessen Level 3 Level 4 Level 5 a fountain Level 6 Level 7 Level 8 Level 9 Level 10 Level 11 a throne Level 12 Level 13 Level 14 a fountain Level 15 Level 16 Level 17 Level 18 a fountain Level 19 Level 20 Level 21 Level 22 Level 23 Level 24 Level 25 Level 26 Level 27 Level 28 <- You were here a tree History has recorded: On T:1 you entered the Dungeons of Doom to retrieve the Amulet of Yendor! On T:4 you reached level 2 of The Dungeons of Doom. On T:7 you reached level 3 of The Dungeons of Doom. On T:10 you reached level 4 of The Dungeons of Doom. On T:14 you reached level 5 of The Dungeons of Doom. On T:25 you reached level 6 of The Dungeons of Doom. On T:30 you reached level 7 of The Dungeons of Doom. On T:36 you reached level 8 of The Dungeons of Doom. On T:42 you reached level 9 of The Dungeons of Doom. On T:52 you reached level 10 of The Dungeons of Doom. On T:56 you reached level 11 of The Dungeons of Doom. On T:58 you reached level 12 of The Dungeons of Doom. On T:63 you reached level 13 of The Dungeons of Doom. On T:68 you reached level 14 of The Dungeons of Doom. On T:80 you reached level 15 of The Dungeons of Doom. On T:80 you entered the Rogue tribute level. On T:86 you reached level 16 of The Dungeons of Doom. On T:92 you reached level 17 of The Dungeons of Doom. On T:96 you reached level 18 of The Dungeons of Doom. On T:107 you reached level 19 of The Dungeons of Doom. On T:111 you reached level 20 of The Dungeons of Doom. On T:115 you reached level 21 of The Dungeons of Doom. On T:117 you reached level 22 of The Dungeons of Doom. On T:123 you reached level 23 of The Dungeons of Doom. On T:128 you reached level 24 of The Dungeons of Doom. On T:140 you reached level 25 of The Dungeons of Doom. On T:146 you reached level 26 of The Dungeons of Doom. On T:151 you reached level 27 of The Dungeons of Doom. On T:163 you reached The Castle. Score breakdown: Gold: 73 ( 7 points) Experience: 1 level ( 0 points) Exploration: 28 levels ( 810 points) Discoveries: 2 items ( 100 points) Variety of kills: 1 monster ( 50 points) Major goal: (nothing yet) ( 0 points) Survival: died (score multiplied by 3) Total score: 2901 Latest messages: You are still in a pit. You continue digging downward. You dig a hole through the floor. You fall through... You start digging downward. (2x) You continue digging downward. You dig a pit in the floor. You continue digging downward. The floor here is too hard to dig in. You are still in a pit. You continue digging downward. The floor here is too hard to dig in. You continue digging downward. The floor here is too hard to dig in. That command is only available in debug mode. You are still in a pit. You continue digging downward. The floor here is too hard to dig in. You continue digging downward. The floor here is too hard to dig in. The winged gargoyle claws you! You die... Final status: Goodbye badnik the Ranger, killed by a winged gargoyle... You died in The Dungeons of Doom on dungeon level 28 with 2901 points, and 73 pieces of gold, after 174 moves. You were level 1 with a maximum of 14 hit points when you died.